 Dungeon Crawl Stone Soup version 0.29-a0-845-g6161e89988 (webtiles) character file.

Game seed: 5152347036061429600

28 Sabo the Ducker (level 3, 27/27 HPs)
             Began as a Demonspawn Gladiator on July 15, 2022.
             Got out of the dungeon alive.
             The game lasted 00:05:34 (1629 turns).

Sabo the Ducker (Demonspawn Gladiator)              Turns: 1629, Time: 00:05:34

Health: 27/27      AC:  4    Str: 16    XL:     3   Next: 0%
Magic:  3/3        EV: 12    Int:  9    God:
Gold:   23         SH:  5    Dex: 14    Spells: 2/2 levels left

rFire   . . .      SeeInvis .   a - +0 war axe
rCold   . . .      Faith    .   (no shield)
rNeg    . . .      Spirit   .   b - +0 leather armour
rPois   .          Reflect  +   (helmet restricted)
rElec   .          Harm     .   c - +0 cloak
rCorr   .          Rampage  .   (no gloves)
Will    .....                   (no boots)
Stlth   +.........              i - amulet of reflection
HPRegen 0.09/turn               (no ring)
MPRegen 0.16/turn               (no ring)

@: no status effects
A: antennae 1, magic regeneration
a: no special abilities


You escaped.
You visited 1 branch of the dungeon, and saw 1 of its levels.

You collected 23 gold pieces.

Inventory:

Hand Weapons
 a - a +0 war axe (weapon)
 f - a +0 sling
Missiles
 d - 3 throwing nets (quivered)
 e - a javelin
Armour
 b - a +0 leather armour (worn)
 c - a +0 cloak (worn)
Jewellery
 i - an amulet of reflection (around neck)
Scrolls
 g - a scroll of vulnerability {unknown}
 j - a scroll of immolation {unknown}
Potions
 h - a potion of degeneration {unknown}
 k - a potion of brilliance {unknown}


   Skills:
 + Level 2.1 Fighting
 + Level 3.1 Axes
 + Level 1.7 Throwing
 + Level 0.7 Armour
 + Level 3.1 Dodging
 + Level 0.1 Shields


You had 2 spell levels left.
You didn't know any spells.
Your spell library was empty.

Dungeon Overview and Level Annotations

Branches:
Dungeon (1/15)

Altars:


Innate Abilities, Weirdness & Mutations

You have a pair of small antennae on your head.
You regenerate magic rapidly.


Message History

A rat comes into view.
A goblin comes into view. It is wielding a +0 dagger.
The rat bites you.
You closely miss the rat. You closely miss the goblin.
The goblin hits you but does no damage. The rat misses you.
The goblin closely misses you. The rat barely misses you.
You hit the rat.
You kill the rat!
You slash the goblin!
You kill the goblin!
You have reached level 3!
Your experience leads to an increase in your attributes!
Increase (S)trength, (I)ntelligence, or (D)exterity?
You feel stronger. x2; Your demonic ancestry asserts itself...
Your magic begins to regenerate rapidly.
You see here a rat corpse.
You start resting.
HP restored.
You see here a +0 dagger.
You see here a rat corpse.
You enter the shallow water.
Moving in this stuff is going to be slow.
You enter the shallow water.
Moving in this stuff is going to be slow.
You enter the shallow water.
Moving in this stuff is going to be slow.
You see here a +0 club.
There is an open door here.
There is an open door here.
You open the door.
There is an open door here.
You open the door.
There is an open door here.
Sorry, you're not good enough to have a special ability.
You enter the shallow water.
Moving in this stuff is going to be slow.
There is a staircase leading out of the dungeon here.
You can't go down here!
Are you sure you want to leave the Dungeon?
This will make you lose the game!
You have escaped!

....#.#.#.#.##..#..≈≈..#
....#.#.##...#.≈..≈≈≈≈.#
....#.#.##....≈≈.≈..≈≈≈##
....'.#.##...≈≈≈≈≈.....≈#
....###)###..≈≈≈≈≈≈≈...##
....# #.###.≈≈≈≈≈≈≈.≈.###
....# #...#.≈≈≈≈.≈≈≈..#.#
##### #..##.≈≈≈..≈≈...#.#
#...#≈≈≈..@..≈≈≈).#
#######.###.≈.≈...≈≈≈.###
........# #..≈≈≈≈≈≈≈≈.#
........####≈≈≈≈≈≈≈≈≈.##
........##.#≈.≈≈≈≈.....#
........###≈..≈≈≈≈..#.##
.......>##.....≈.≈≈.##.#
.......###.#...≈..≈÷÷.##
.......# #..#...#..≈...#


There were no monsters in sight!

Vanquished Creatures
  A dart slug (D:1)
  An endoplasm (D:1)
  3 giant cockroaches (D:1)
  A hobgoblin (D:1)
  3 quokkas (D:1)
  3 ball pythons (D:1)
  2 bats (D:1)
  4 goblins (D:1)
  2 kobolds (D:1)
  4 rats (D:1)
24 creatures vanquished.

Notes
Turn   | Place    | Note
-------+----------+-------------------------------------------
     0 | D:1      | Sabo the Demonspawn Gladiator began the quest for the Orb.
     0 | D:1      | Reached XP level 1. HP: 16/16 MP: 1/1
   452 | D:1      | Discovered your monstrous ancestry.
   452 | D:1      | Gained mutation: You have a pair of small antennae on your
                  | head. [demonic ancestry]
   452 | D:1      | Reached XP level 2. HP: 19/22 MP: 2/2
  1335 | D:1      | Gained mutation: You regenerate magic rapidly. [demonic
                  | ancestry]
  1335 | D:1      | Reached XP level 3. HP: 25/27 MP: 3/3
  1629 | D:$      | Got out of the dungeon alive.

Illustrated notes

Levels and vault maps discovered:
D:1:      dpeg_arrival_subterranean_lakeside_camping, layout_basic

Skill      XL: |  1  2 |
---------------+-------+-----
Dodging        | 3 |  3.1
Axes           | 3 |  3.1
Fighting       | |  2.1
Throwing       | |  1.7
Armour         | |  0.7
Shields        | |  0.1

Action                   || total
-------------------------++-------
Melee: War axe           ||    76
       Punch             ||     1
Armor: Leather armour    ||    25
Dodge: Dodged            ||    67
Block: Other             ||    15

Table legend: (Time is in decaauts)
 A = Elapsed time spent in this place.
 B = Non-inter-level travel time spent in this place.
 C = Inter-level travel time spent in this place.
 D = Time resting spent in this place.
 E = Time spent auto-exploring this place.
 F = Levels seen in this place.
 G = Mean time per level.
                   A        B        C        D        E       F      G
               +--------+--------+--------+--------+--------+-----+--------+
         Total |   1670 |   1670 |      0 |    579 |      0 |   1 | 1670.0 |
       Dungeon |   1670 |   1670 |      0 |    579 |      0 |   1 | 1670.0 |
               +--------+--------+--------+--------+--------+-----+--------+

Top non-repeatable levels by time:
     D:1: 1670 daAuts
